 Dungeon Crawl Stone Soup version 0.21.1-1-g345015fe64 (webtiles) character file.

107 Oravi the Slinger (level 5, -4/34 HPs)
             Began as a Halfling Hunter on Apr 23, 2018.
             Slain by an orc
             ... wielding a +0 club
              (6 damage)
             ... on level 2 of the Dungeon.
             The game lasted 00:04:09 (1462 turns).

Oravi the Slinger (Halfling Hunter)                 Turns: 1462, Time: 00:04:09

Health: -4/34      AC:  4    Str: 13    XL:     5   Next: 10%
Magic:  5/5        EV: 15    Int:  9    God:
Gold:   108        SH:  0    Dex: 16    Spells: 4/4 levels left

rFire    . . .     SeeInvis .   a - +1 hunting sling
rCold    . . .     Gourm    .   (shield restricted)
rNeg     . . .     Faith    .   g - +0 leather armour (curse)
rPois    +         Spirit   .   (no helmet)
rElec    .         Reflect  .   (no cloak)
rCorr    .         Harm     .   o - +0 pair of gloves (curse)
MR       .....                  (no boots)
Stlth    ++........             (no amulet)
HPRegen  0.11/turn              e - ring of poison resistance
MPRegen  0.09/turn              (no ring)

@: no status effects
A: small, mutation resistance 1
a: no special abilities


You were on level 2 of the Dungeon.
You were not hungry.

You visited 1 branch of the dungeon, and saw 3 of its levels.

You collected 108 gold pieces.

Inventory:

Hand Weapons
 a - a +1 hunting sling (weapon)
 b - a +0 short sword
 l - a +0 short sword of holy wrath
Missiles
 d - 36 sling bullets
 k - 71 stones (quivered)
Armour
 c - a +0 leather armour
 g - a cursed +0 leather armour (worn)
 o - a cursed +0 pair of gloves (worn)
Jewellery
 e - a ring of poison resistance (left hand)
Scrolls
 h - 3 scrolls of teleportation {unknown}
 i - a scroll of identify {unknown}
 j - a scroll of enchant armour {unknown}
 n - a scroll of remove curse {unknown}
Comestibles
 f - 5 rations
 m - 2 chunks of flesh


   Skills:
 + Level 2.1 Fighting
 + Level 8.3 Slings
 + Level 0.4 Armour
 + Level 2.4 Dodging
 - Level 1.1 Stealth


You had 4 spell levels left.
You didn't know any spells.

Dungeon Overview and Level Annotations

Branches:
Dungeon (3/15)

Altars:


Innate Abilities, Weirdness & Mutations

You are small and have problems with some larger weapons.
You are somewhat resistant to further mutation.


Message History

The howler monkey closely misses you. The orc barely misses you.
The goblin hits you but does no damage. The orc hits you with a club.
* * * LOW HITPOINT WARNING * * *
Firing (i - inventory. (,) - cycle):
k - 73 stones (quivered)
Press: ? - help, Shift-Dir - straight line, f/p - howler monkey
Aim: a howler monkey (almost dead)
You shoot a stone.
The stone barely misses the howler monkey.
The howler monkey hoots and howls with incredible vigour!
The orc barely misses you. The goblin hits you but does no damage.
Firing (i - inventory. (,) - cycle):
k - 72 stones (quivered)
Press: ? - help, Shift-Dir - straight line, f/p - howler monkey
Aim: a howler monkey (almost dead, catching its breath)
You shoot a stone. The stone hits the howler monkey!
You kill the howler monkey!
Your Slings skill increases to level 8!
You have reached level 5!
You feel agile. The orc hits you with a club.
You die...

...............#.# #............
.............#.#(# #............
.............#.#.# #............
.............#.#.# #............
.............#.#.# ####+#####.##
...............#.#######.......#
####'######......#.....#########
#.# #.....(#.###.# ####.#
#....o@#.###+## ...#.#
#....o)g......# ...#.#
#.............# ...'.#
#.............# ...###
##............# ...#
#............######### ...##
#..................[.. ....#
#####...#.....>....... ....#
#...#.............


You could see 2 orcs and a goblin.

Vanquished Creatures
  A howler monkey (D:2)
  An adder (D:2)
  A dart slug (D:1)
  A leopard gecko (D:2)
  4 bats
  5 giant cockroaches
  7 goblins
  5 hobgoblins
  6 jackals (D:2)
  8 kobolds
  2 ball pythons
  3 frilled lizards
  8 rats
52 creatures vanquished.

Notes
Turn   | Place    | Note
-------+----------+-------------------------------------------
     0 | D:1      | Oravi the Halfling Hunter began the quest for the Orb.
     0 | D:1      | Reached XP level 1. HP: 14/14 MP: 1/1
    64 | D:1      | Reached skill level 6 in Slings
   170 | D:1      | Reached XP level 2. HP: 19/19 MP: 2/2
   300 | D:1      | Reached XP level 3. HP: 24/24 MP: 3/3
   357 | D:1      | Reached skill level 7 in Slings
   935 | D:2      | Reached XP level 4. HP: 29/29 MP: 4/4
  1460 | D:2      | HP: 1/29 [orc/club (2)]
  1462 | D:2      | Reached skill level 8 in Slings
  1462 | D:2      | Reached XP level 5. HP: 2/34 MP: 5/5
  1462 | D:2      | Slain by an orc

Skill      XL: |  1  2  3  4 |
---------------+-------------+-----
Slings         | 6 7 8 |  8.3
Fighting       | 2 |  2.1
Armour         | |  0.4
Dodging        | |  2.4
Stealth        | |  1.1

Action                   |  1- 3 |  4- 6 || total
-------------------------+-------+-------++-------
 Fire: Hunting sling     |    63 |    51 ||   114
  Eat: Chunk             |       |     1 ||     1
Armor: Leather armour    |     1 |     3 ||     4
Dodge: Dodged            |     2 |    13 ||    15
